 Dungeon Crawl Stone Soup version 0.30-a0-777-ga9a30cbeda (webtiles) character file.

Game seed: 826368301171116619

52 mistaj the Trooper (level 3, 0/29 HPs)
             Began as a Demonspawn Fighter on Feb 14, 2023.
             Slain by Terence
             ... wielding a +1 trident of flaming
              (1 damage)
             ... on level 2 of the Dungeon.
             The game lasted 00:02:49 (1125 turns).

mistaj the Trooper (Demonspawn Fighter)             Turns: 1125, Time: 00:02:50

Health: 0/29       AC:  7    Str: 18    XL:     3   Next: 60%
Magic:  3/3        EV:  9    Int:  9    God:
Gold:   95         SH:  4    Dex: 12    Spells: 2/2 levels left

rFire   . . .      SeeInvis .    a - +0 war axe
rCold   . . .      Faith    .    c - +0 buckler
rNeg    . . .      Spirit   .    b - +0 scale mail
rPois   .          Reflect  .    i - +0 helmet
rElec   .          Harm     .    (no cloak)
rCorr   .          Rampage  .    (no gloves)
Will    .....                    (no boots) Stlth
                                 (no amulet)
HPRegen 0.24/turn                (no ring)
MPRegen 0.08/turn                (no ring)

@: no status effects
A: foul stench 1, spiny 1
a: no special abilities


You were on level 2 of the Dungeon.
You visited 1 branch of the dungeon, and saw 2 of its levels.

You collected 95 gold pieces.

Inventory:

Hand Weapons
 a - a +0 war axe (weapon)
Armour
 b - a +0 scale mail (worn)
 c - a +0 buckler (worn)
 i - a +0 helmet (worn)
Scrolls
 f - 2 scrolls of teleportation {unknown}
 g - a scroll of poison {unknown}
 k - 2 scrolls of vulnerability {unknown}
 m - a scroll of enchant armour {unknown}
 n - a scroll of blinking {unknown}
 o - a scroll of immolation {unknown}
 p - a scroll of magic mapping {unknown}
 q - a scroll of fog {unknown}
Potions
 d - 2 potions of might
 e - a potion of mutation {unknown}
 h - 2 potions of haste {unknown}
 j - a potion of invisibility {unknown}
 l - 2 potions of brilliance {unknown}


   Skills:
 + Level 3.6 Fighting
 + Level 2.5 Axes
 - Level 2.6 Armour
 + Level 3.2 Shields


You had 2 spell levels left.
You didn't know any spells.
Your spell library contained the following spells:

 Spells                   Type           Power      Damage    Failure   Level
 Inner Flame              Hex/Fire       0%         N/A       99%         3
 Cause Fear               Hex            0%         N/A       100%        4
 Discord                  Hex            0%         N/A       100%        8


Dungeon Overview and Level Annotations

Branches:
Dungeon (2/15)

Altars:

Annotations:
D:2 Terence


Innate Abilities, Weirdness & Mutations

You may rarely emit foul miasma when damaged in melee.
You are partially covered in sharp spines.


Message History

You see here a hobgoblin corpse.
You see here a bat skeleton.
You see here a bat skeleton.
You see here an adder skeleton.
You see here a bat skeleton.
There is a stone staircase leading down here.
Terence the Incautious comes into view.
He is wielding a +1 trident of flaming.
Terence shouts!
Terence hits you from afar with a +1 trident of flaming.
Terence burns you.
Terence hits you with a +1 trident of flaming.
Terence burns you.
You are too injured to fight recklessly!
You are too injured to fight recklessly!
You are too injured to fight recklessly!
You are too injured to fight recklessly!
You barely miss Terence.
Terence hits you with a +1 trident of flaming.
Terence burns you.
You barely miss Terence. Terence closely misses you.
Terence hits you with a +1 trident of flaming.
* * * LOW HITPOINT WARNING * * *
Terence burns you.
* * * LOW HITPOINT WARNING * * *
You slash Terence!
Terence is heavily wounded.
You block Terence's attack.
You hit Terence.
Terence is heavily wounded.
Terence hits you with a +1 trident of flaming.
* * * LOW HITPOINT WARNING * * *
Terence burns you.
* * * LOW HITPOINT WARNING * * *
You closely miss Terence.
Terence is heavily wounded.
Terence barely misses you.
Terence hits you with a +1 trident of flaming.
* * * LOW HITPOINT WARNING * * *
Terence burns you.
You die...

.# .## .# #.## .#
# ##.## .#.# ##.#
##.#. ##.## ....
#.## #.. .## #@#
## #@# #.#
#######.#####
............####.#
#######..........#
############
#.....######
...........#
#..#.##
.#########.#
#..#.# ..# #.#
#..#<#


You could see Terence.

Vanquished Creatures
  3 adders (D:2)
  7 bats
  An endoplasm (D:2)
  4 hobgoblins
  2 kobolds (D:1)
  3 ball pythons
  A frilled lizard (D:1)
  3 goblins
  2 rats (D:1)
26 creatures vanquished.

Notes
Turn   | Place    | Note
-------+----------+-------------------------------------------
     0 | D:1      | mistaj the Demonspawn Fighter began the quest for the Orb.
     0 | D:1      | Reached XP level 1. HP: 18/18 MP: 1/1
   139 | D:1      | Gained mutation: You are partially covered in sharp spines.
                  | [demonic ancestry]
   139 | D:1      | Reached XP level 2. HP: 22/24 MP: 2/2
   842 | D:2      | Gained mutation: You may rarely emit foul miasma when
                  | damaged in melee. [demonic ancestry]
   842 | D:2      | Reached XP level 3. HP: 29/29 MP: 3/3
  1117 | D:2      | Noticed Terence
  1125 | D:2      | HP: 1/29 [Terence/+1 trident of flaming (4)]
  1125 | D:2      | Slain by Terence

Illustrated notes

Levels and vault maps discovered:
D:1:      dpeg_arrival_rhombus, layout_rooms
D:2:      layout_loops_ring, uniq_terence

Skill      XL: |  1  2 |
---------------+-------+-----
Axes           | 2 |  2.5
Shields        | 3 |  3.2
Fighting       | |  3.6
Armour         | |  2.6

Action                     || total
---------------------------++-------
  Melee: War axe           ||    47
 Armour: Scale mail        ||    22
  Dodge: Dodged            ||    23
  Block: Buckler           ||    16

Table legend: (Time is in decaauts)
 A = Elapsed time spent in this place.
 B = Non-inter-level travel time spent in this place.
 C = Inter-level travel time spent in this place.
 D = Time resting spent in this place.
 E = Time spent auto-exploring this place.
 F = Levels seen in this place.
 G = Mean time per level.
                   A        B        C        D        E       F      G
               +--------+--------+--------+--------+--------+-----+--------+
         Total |   1145 |   1103 |     42 |    100 |    778 |   2 |  572.5 |
       Dungeon |   1145 |   1103 |     42 |    100 |    778 |   2 |  572.5 |
               +--------+--------+--------+--------+--------+-----+--------+

Top non-repeatable levels by time:
     D:1: 600 daAuts
     D:2: 544 daAuts
